Map: Iron Fortress LE (Void)

Players

Javert - Winner!

  • Race: Zerg Zerg
  • League: Grandmaster

Kiiiiiiiiiii

  • Race: Protoss Protoss
  • League: Grandmaster

VOD

Have the link to the VOD?

Description

Time

  • Played on: June 26, 2015, 10:46 p.m.
  • Length: 13:29
Show
View Real Time Build Order
Export as new Build Order

Javert Zerg - Winner!

Build Orders: Hatch First, Lurkers 

Get SALT Encoding   

  12  0:01  Drone  
  13  0:12  Overlord  
  13  0:18  Drone  
  14  0:31  Drone x2  
  16  0:52  Hatchery  
  16  0:56  Drone  
  16  0:59  Extractor  
  16  1:00  Drone  
  16  1:02  Drone  
  17  1:17  Spawning Pool  
  16  1:19  Drone  
  16  1:23  Drone  
  18  1:28  Drone  
  19  1:40  Overlord  
  19  1:50  Drone  
  20  2:01  Drone  
  21  2:04  Metabolic Boost  
  21  2:07  Queen  
  23  2:09  Queen  
  23  2:15  Zergling x4  
  27  2:25  Zergling x4  
  29  2:31  Drone  
  30  2:43  Zergling x4  
  32  2:52  Drone x2  
  34  2:59  Drone x2  
  36  3:19  Overlord  
  36  3:22  Hatchery  
  34  3:33  Drone x3  
  36  3:38  Queen  
  37  3:52  Drone x4  
  41  3:55  Overlord  
  41  3:57  Drone x2  
  40  4:03  Overlord  
  40  4:20  Drone x9  
  49  4:26  Extractor  
  49  4:28  Extractor  
  49  4:30  Lair  
  48  4:31  Zergling x4  
  49  4:40  Zergling x4  
  49  4:41  Zergling x16  
  59  4:52  Extractor  
  58  5:00  Evolution Chamber, Roach Warren  
  58  5:01  Drone x5  
  58  5:02  Drone  
  58  5:06  Overlord x2  
  62  5:17  Overlord  
  62  5:20  Drone x4  
  66  5:31  Drone  
  66  5:32  Drone x7  
  66  5:33  Drone  
  75  5:42  Overseer  
  74  5:45  Overlord x2  
  74  5:49  Hydralisk Den  
  73  5:54  Spore Crawler  
  72  5:58  Drone x7  
  72  5:59  Evolution Chamber x2  
  77  6:05  Extractor x2  
  75  6:13  Spore Crawler  
  75  6:18  Spore Crawler x2, Overlord x2  
  73  6:19  Spore Crawler  
  71  6:26  Overlord  
  67  6:45  Hydralisk  
  67  6:46  Hydralisk x10  
  87  6:51  Muscular Augments  
  87  6:58  Zerg Missile Weapons Level 1  
  87  6:59  Zerg Ground Armor Level 1  
  87  7:04  Spore Crawler  
  86  7:11  Hydralisk  
  86  7:12  Hydralisk x3  
  94  7:21  Overlord x2  
  94  7:27  Hydralisk x3  
  100  7:34  Drone  
  100  7:35  Drone x4  
  105  7:41  Drone x5  
  109  7:54  Drone x7  
  109  7:56  Infestation Pit  
  111  8:19  Hydralisk x7  
  105  8:20  Hydralisk x2  
  119  8:30  Lurker Den  
  115  9:02  Zerg Ground Armor Level 2, Zerg Missile Weapons Level 2  
  115  9:03  Hive  
  115  9:07  Hydralisk x3  
  115  9:09  Hatchery, Extractor  
  119  9:13  Extractor  
  118  9:32  Overseer x3  
  118  9:35  Extractor  
  118  9:37  Spine Crawler x2  
  118  9:38  Spine Crawler  
  114  9:39  Hatchery, Pneumatized Carapace  
  114  9:40  Extractor  
  114  9:43  Spine Crawler  
  114  9:45  Drone x5, Spine Crawler  
  114  9:46  Drone x2, Overlord x4  
  114  9:47  Spine Crawler  
  116  9:58  Roach x2  
  120  10:00  Overlord x2  
  120  10:10  Overlord x3  
  120  10:11  Overlord  
  118  10:26  Ultralisk Cavern  
  118  10:28  Ravager x2  
  119  10:30  Lurker x6  
  119  10:31  Overlord x2  
  125  10:46  Hydralisk x12  
  112  11:20  Roach x2  
  112  11:21  Roach x14  
  134  11:28  Roach x3  
  138  11:39  Chitinous Plating  
  138  11:43  Queen  
  140  11:49  Drone x2  
  140  11:51  Overseer  
  140  11:52  Overseer x2  
  142  12:04  Spine Crawler  
  142  12:05  Spine Crawler  
  142  12:07  Spore Crawler, Spine Crawler  
  138  12:08  Spore Crawler  
  137  12:28  Ultralisk x2  
  137  12:29  Ultralisk  
  155  12:31  Spire  
  155  12:36  Spine Crawler  
Show
View Real Time Build Order
Export as new Build Order

Kiiiiiiiiiii Protoss 

Build Orders: Nexus First 

Get SALT Encoding   

  12  0:02  Probe  
  13  0:42  Nexus  
  13  0:53  Pylon  
  13  0:59  Probe (Chrono Boost)  
  15  1:11  Probe (Chrono Boost)  
  15  1:12  Forge  
  15  1:22  Probe (Chrono Boost)  
  16  1:29  Assimilator  
  17  1:33  Probe (Chrono Boost)  
  17  1:39  Probe  
  18  1:49  Photon Cannon  
  18  1:50  Gateway  
  18  2:03  Pylon  
  18  2:05  Photon Cannon  
  18  2:09  Probe (Chrono Boost)  
  18  2:10  Probe (Chrono Boost)  
  20  2:22  Probe x2 (Chrono Boost)  
  22  2:29  Probe (Chrono Boost)  
  24  2:30  Probe (Chrono Boost)  
  24  2:35  Assimilator  
  24  2:42  Probe x2 (Chrono Boost)  
  28  2:52  Cybernetics Core, Probe x2 (Chrono Boost)  
  28  2:58  Pylon  
  28  2:59  Probe  
  28  3:00  Probe  
  28  3:05  Assimilator  
  30  3:08  Assimilator  
  30  3:19  Probe x2  
  32  3:28  Zealot (Chrono Boost)  
  32  3:29  Pylon  
  32  3:34  Mothership Core (Chrono Boost)  
  35  3:38  Warp Gate (Chrono Boost)  
  35  3:52  Adept (Chrono Boost)  
  37  3:57  Probe x2  
  39  4:10  Probe (Chrono Boost)  
  39  4:16  Probe (Chrono Boost), Stargate  
  41  4:18  Stargate  
  41  4:20  Probe (Chrono Boost)  
  41  4:23  Probe (Chrono Boost)  
  44  4:33  Probe (Chrono Boost)  
  44  4:34  Probe (Chrono Boost)  
  45  4:46  Probe x2  
  45  4:47  Pylon  
  45  4:52  Pylon  
  47  4:56  Gateway  
  47  4:57  Gateway  
  47  4:59  Probe (Chrono Boost), Gateway  
  49  5:04  Probe (Chrono Boost)  
  49  5:07  Phoenix  
  49  5:09  Probe (Chrono Boost)  
  49  5:11  Protoss Air Weapons Level 1 (Chrono Boost)  
  49  5:13  Probe (Chrono Boost)  
  53  5:16  Probe  
  53  5:17  Void Ray (Chrono Boost)  
  58  5:23  Probe  
  59  5:48  Void Ray (Chrono Boost)  
  63  5:56  Probe (Chrono Boost)  
  65  6:02  Probe (Chrono Boost)  
  65  6:06  Probe (Chrono Boost)  
  65  6:09  Void Ray  
  65  6:10  Probe (Chrono Boost)  
  71  6:16  Stalker  
  73  6:21  Nexus  
  73  6:26  Pylon  
  73  6:27  Probe (Chrono Boost)  
  73  6:29  Pylon  
  73  6:32  Probe (Chrono Boost)  
  75  6:36  Probe (Chrono Boost)  
  75  6:39  Zealot  
  75  6:40  Probe (Chrono Boost)  
  73  6:47  Photon Cannon  
  73  6:49  Photon Cannon  
  73  6:51  Probe (Chrono Boost)  
  73  6:52  Void Ray (Chrono Boost), Photon Cannon  
  73  6:54  Probe (Chrono Boost), Photon Cannon  
  83  7:02  Void Ray (Chrono Boost)  
  83  7:03  Probe (Chrono Boost)  
  83  7:08  Probe  
  85  7:15  Pylon  
  85  7:18  Assimilator  
  85  7:23  Assimilator  
  85  7:27  Photon Cannon  
  85  7:29  Photon Cannon  
  85  7:33  Gateway  
  85  7:36  Probe x3  
  88  7:38  Gateway x2  
  88  7:40  Stargate  
  88  7:48  Probe x3  
  88  7:50  Pylon  
  91  8:04  Zealot x2  
  95  8:07  Nexus  
  95  8:09  Pylon  
  95  8:12  Pylon  
  64  8:20  Zealot  
  64  8:21  Zealot  
  75  8:36  Zealot  
  75  8:37  Zealot x2  
  71  8:55  Gateway  
  71  8:57  Gateway  
  71  8:58  Gateway  
  71  9:00  Gateway  
  71  9:02  Gateway  
  61  9:03  Gateway  
  61  9:06  Cybernetics Core  
  30  9:26  Probe (Chrono Boost)  
  30  9:30  Pylon  
  30  9:31  Pylon, Assimilator  
  31  9:33  Pylon  
  31  9:36  Probe (Chrono Boost), Assimilator  
  32  9:43  Probe  
  33  9:50  Twilight Council  
  33  9:55  Probe (Chrono Boost)  
  32  10:00  Stalker x5  
  32  10:01  Stalker  
  32  10:06  Probe (Chrono Boost)  
  44  10:12  Probe  
  45  10:15  Pylon  
  45  10:16  Pylon  
  45  10:26  Dark Shrine  
  45  10:29  Probe (Chrono Boost)  
  45  10:31  Stalker x2  
  45  10:32  Zealot  
  52  10:36  Zealot  
  52  10:39  Probe (Chrono Boost)  
  55  10:46  Adept x2  
  55  11:04  Adept x3  
  55  11:05  Adept  
  50  11:21  Robotics Facility  
  32  11:38  Dark Templar x2  
  32  11:39  Dark Templar x4  
  43  12:22  Dark Templar x4  
  47  12:23  Dark Templar x2  
  47  12:26  Observer (Chrono Boost)  
  47  12:28  Archon x3  
  56  12:42  Mothership Core  
  58  12:49  Archon  
  58  12:51  Archon  
  58  12:53  Archon  
  54  12:59  Zealot  
  54  13:00  Zealot x3  
  54  13:01  Zealot x2  
Tags
 
Add a new tag
Caveats
  • Supply blocks, unpowered buildings, or Contaminate may cause inaccurate times.
  • Supply counts are checked every 10 seconds.